 Dungeon Crawl Stone Soup version 0.25-a0-934-g041635d5d1 (console) character file.

Game seed: 8727697430590867026, levelgen mode: deterministic

39 Gorlak the Conjurer (level 3, -3/25 HPs)
             Began as a Human Conjurer on May 4, 2020.
             Slain by an adder (4 damage)
             ... on level 2 of the Dungeon.
             The game lasted 00:08:39 (1336 turns).

Gorlak the Conjurer (Human Conjurer)                Turns: 1336, Time: 00:08:40

Health: -3/25      AC:  3    Str:  9    XL:     3   Next: 67%
Magic:  5/6        EV: 12    Int: 15    God:
Gold:   73         SH:  0    Dex: 13    Spells: 3/6 levels left

rFire    . . .     SeeInvis .   l - +0 short sword
rCold    + . .     Gourm    .   (no shield)
rNeg     . . .     Faith    .   g - +0 leather armour
rPois    .         Spirit   .   (no helmet)
rElec    .         Reflect  .   (no cloak)
rCorr    .         Harm     .   (no gloves)
MR       .....                  (no boots)
Stlth    ++........             (no amulet)
HPRegen  0.08/turn              o - ring of protection from cold
MPRegen  0.10/turn              (no ring)

@: no status effects
A: no striking features
a: no special abilities


You were on level 2 of the Dungeon.
You were not hungry.

You visited 1 branch of the dungeon, and saw 2 of its levels.

You collected 73 gold pieces.

Inventory:

Hand Weapons
 f - a +0 spear
 h - a +0 hunting sling
 i - a +0 dagger
 l - a +0 short sword (weapon)
Missiles
 m - 23 stones (quivered)
Armour
 a - a +0 robe
 g - a +0 leather armour (worn)
Jewellery
 o - a ring of protection from cold (left hand)
Scrolls
 b - 2 scrolls of identify {unknown}
 e - 2 scrolls of teleportation {unknown}
 n - a scroll of blinking {unknown}
 p - a scroll of fear {unknown}
Potions
 d - a potion of haste {unknown}
 j - 3 potions of heal wounds {unknown}
Comestibles
 c - 3 rations
 k - a chunk of flesh


   Skills:
 + Level 0.4 Fighting
 + Level 0.8 Short Blades
 + Level 0.6 Polearms
 + Level 0.4 Armour
 + Level 2.2 Dodging
 + Level 2.0 Stealth
 + Level 2.2 Spellcasting
 + Level 4.4 Conjurations


You had 3 spell levels left.
You knew the following spells:

 Your Spells              Type           Power        Failure   Level  Hunger
a - Magic Dart            Conj           ###.         4%          1    #......
b - Searing Ray           Conj           ###...       7%          2    ###....

Your spell library contained the following spells:

 Spells                   Type           Power        Failure   Level  Hunger
 Dazzling Flash           Conj/Hex       #.....       34%         3    ###....
 Fulminant Prism          Conj/Hex       #.........   75%         4    #####..
 Iskenderun's Mystic Bla  Conj/Tloc      #.......     75%         4    #####..


Dungeon Overview and Level Annotations

Branches:
Dungeon (2/15)

Altars:


Message History

The adder closely misses you. The adder completely misses you.
The adder bites you but does no damage. The adder barely misses you.
You feel sick. The adder misses you. The adder bites you but does no damage.
The adder misses you. The adder closely misses you.
The adder bites you but does no damage.
You feel sick.
You are no longer poisoned.
The adder bites you.
* * * LOW HITPOINT WARNING * * *
The adder bites you but does no damage. The adder barely misses you.
The adder barely misses you. The adder closely misses you. x2
The adder bites you.
* * * LOW HITPOINT WARNING * * *
The adder misses you. The adder bites you but does no damage.
The adder bites you.
You die...

#.#...###..#
........#..#
#........#
#......#.#
#........#
#.#...##.#
###.##.###.#
##.#.##.#
#.# .
#.#..##.#
#.# ...
##.####.#
#.#####..#
#<# #.#
#..(@S...#
....#.....#
########.#
#### ######


You could see an adder.

Vanquished Creatures
  4 dart slugs (D:1)
  A leopard gecko (D:1)
  A giant cockroach (D:2)
  3 goblins (D:1)
  4 hobgoblins (D:1)
  5 kobolds (D:1)
  3 bats (D:1)
  4 frilled lizards
  8 rats
33 creatures vanquished.

Notes
Turn   | Place    | Note
-------+----------+-------------------------------------------
     0 | D:1      | Gorlak the Human Conjurer began the quest for the Orb.
     0 | D:1      | Reached XP level 1. HP: 13/13 MP: 3/3
   175 | D:1      | Reached XP level 2. HP: 1/19 MP: 0/5
   313 | D:1      | Learned a level 2 spell: Searing Ray
   718 | D:1      | Reached XP level 3. HP: 20/24 MP: 6/6
  1334 | D:2      | HP: 1/25 [adder (2)]
  1336 | D:2      | Slain by an adder

Levels and vault maps discovered:
D:1:      matt_arrival_diagonals, layout_loops_ring
D:2:      layout_loops_ring, chequers_temple_overflow_minitemple,
          lemuel_doored_altar

Action                   || total
-------------------------++-------
Melee: Spear             ||    25
       Short sword       ||    73
 Cast: Magic Dart        ||    17
       Searing Ray       ||     6
 Stab: Sleeping          ||     1
  Eat: Chunk             ||     2
Armor: Leather armour    ||    34
Dodge: Dodged            ||    86

Table legend:
 A = Non-vault XP
 B = Vault XP
 C = Vault XP percentage of total XP
 D = Non-vault monster count
 E = Vault monster count
 F = Vault count percentage of total count
                 A         B        C        D         E       F
            +---------+---------+-------+---------+---------+-------
      Total |      56 |       0 |   0.0 |      33 |       0 |   0.0
            +---------+---------+-------+---------+---------+-------
        D:1 |      52 |       0 |   0.0 |      30 |       0 |   0.0
        D:2 |       4 |       0 |   0.0 |       3 |       0 |   0.0
            +---------+---------+-------+---------+---------+-------
